 Dungeon Crawl Stone Soup version 0.31.0-9-g3a7656b989 (webtiles) character file.

Game seed: 11862699028443642834

39 Zeor the Vexing (level 3, -18/20 HPs)
             Began as a Deep Elf Hexslinger on Jan 24, 2024.
             Killed by an exploding goblin (23 damage)
             ... ignited by their inner flame
             ... on level 2 of the Dungeon.
             The game lasted 00:03:45 (1167 turns).

Zeor the Vexing (Deep Elf Hexslinger)               Turns: 1167, Time: 00:03:46

Health: -18/20     AC:  4    Str:  5    XL:     3   Next: 26%
Magic:  3/7        EV: 13    Int: 19    God:
Gold:   97         SH:  0    Dex: 17    Spells: 3/5 levels left

rFire   + . .        a - +1 sling
rCold   + . .        (no shield)
rNeg    . . .        c - +0 robe
rPois   +            (no helmet)
rElec   +            (no cloak)
rCorr   +            (no gloves)
SInv    .            k - +1 pair of boots
Will    .....        (no amulet)
Stlth   ++           (no ring)
HPRegen 0.23/turn    (no ring)
MPRegen 0.10/turn

%: no passive effects
@: resistant, weak-willed, attractive, jinxed
A: no striking features
a: no special abilities


You were on level 2 of the Dungeon.
You visited 1 branch of the dungeon, and saw 2 of its levels.

You collected 97 gold pieces.

Inventory:

Hand Weapons
 a - a +1 sling (weapon)
Armour
 c - a +0 robe (worn)
 k - a +1 pair of boots (worn)
Jewellery
 d - an amulet of guardian spirit
Scrolls
 b - a scroll of poison
Potions
 f - a potion of resistance
 g - a potion of degeneration {unknown}
 h - 2 potions of mutation {unknown}
 l - a potion of might {unknown}
 m - a potion of haste {unknown}
 n - 2 potions of curing {unknown}


   Skills:
 + Level 0.8 Fighting
 + Level 3.4 Ranged Weapons
 * Level 2.9 Dodging
 + Level 0.3 Stealth
 + Level 1.7 Spellcasting
 + Level 5.0 Hexes
 + Level 1.1 Fire Magic


You had 3 spell levels left.
You knew the following spells:

 Your Spells              Type           Power      Damage    Failure   Level
j - Jinxbite              Hex            40%        N/A       3%          2

Your spell library contained the following spells:

 Spells                   Type           Power      Damage    Failure   Level
 Sigil of Binding         Hex            20%        N/A       7%          3
 Inner Flame              Hex/Fire       13%        N/A       16%         3
 Cause Fear               Hex            10%        N/A       22%         4
 Dimensional Bullseye     Hex/Tloc       5%         N/A       52%         4


Dungeon Overview and Level Annotations

Branches:
Dungeon (2/15)

Altars:
Uskayaw

Annotations:
D:2 Robin


Message History

You feel protected. The goblin closely misses you.
It was a potion of attraction.
You feel attractive to monsters. The goblin hits you but does no damage.
The goblin is attracted toward you. Robin is attracted toward you.
Okay, then.
The air fills with toxic fumes!
As you read the scroll of poison, it crumbles to dust.
The goblin barely misses you. The goblin misses you.
The goblin unwields a +0 sling.
The goblin wields a +0 dagger.
The goblin closely misses you.
You shoot a sling bullet. The sling bullet hits the goblin.
The goblin is heavily wounded.
The goblin closely misses you. The goblin barely misses you.
The goblin hits you with a +0 dagger.
Casting: Jinxbite (safe; 3% risk of failure)
Confirm with . or Enter, or press ? or * to list all spells.
You beckon some vexing sprites to accompany your attacks.
You feel your willpower being sapped. The goblin hits you with a +0 club.
The goblin barely misses you. The goblin hits you with a +0 dagger.
* * * LOW HITPOINT WARNING * * *
You shoot a sling bullet. The sling bullet hits the goblin!
You kill the goblin!
The goblin misses you. The goblin closely misses you.
Your Hexes skill increases to level 5!
You shoot a sling bullet.
The sling bullet closely misses the goblin.
A giggling sprite leaps out and smacks the goblin with its own hand.
Flame seeps out of the goblin.
The goblin is severely wounded.
The goblin no longer looks unusually strong.
Robin throws the goblin at you!
The goblin is engulfed in poison gas.
The goblin is poisoned.
You kill the goblin!
The goblin is engulfed in blazing flames.
The goblin explodes!
The fiery explosion engulfs you!! You resist.
Ouch! That really hurt!
You die...

▒∙∙∙∙∙∙∙∙∙▒▒∙∙∙▒∙▒∙∙▄∙∙▒
▒∙▒▒▒∙∙∙∙∙∙∙∙∙∙∙∙▒∙∙(∙∙▒
▒#∙∙∙∙∙∙∙∙∙∙∙∙∙▒▒▒∙∙∙∙∙▒
▒##∙∙∙∙▒▒▒▒▒∙∙∙∙∙∙∙∙▒▒∙▒▒
▒###∙∙∙▒∙P∙▒∙∙∙∙∙∙∙∙∙∙∙∙∙
▒####∙∙▒∙∙∙▒∙∙∙▒▒▒▒▒▒▒▒▒▒
∙∙▒#####∙▒P∙∙▒∙∙∙▒
∙∙▒######▒▒▒▒▒##☼▒
P∙▒#☼####○e######▒
∙P▒######g#######▒▒▒▒▒▒▒▒▒▒
▒##☼#gg###▒▒####∙∙∙∙∙∙∙∙∙
▒▒▒▒†▒▒▒▒▒▒▒▒☼##∙∙▒▒▒▒▒▒▒
▒∙ ▒∙▒▒▒∙∙∙∙∙∙∙∙ ▒g
▒∙▒▒▒▒▒▒▒▒∙∙▒
▒÷▒▒▒▒▒▒▒▒∙∙∙∙∙∙∙∙∙∙∙∙
gg∙∙∙∙∙∙<÷∙∙∙∙∙∙∙∙∙∙∙▒
∙▒▒▒▒▒▒▒▒▒▒▒▒▒▒▒∙∙∙∙▒


You could see Robin (inner flame), a hobgoblin (inner flame, strong) and a
goblin (inner flame).

Vanquished Creatures
  An adder (D:2)
  A dart slug (D:2)
  An endoplasm (D:2)
  3 giant cockroaches
  5 goblins (D:2)
  6 hobgoblins
  3 ball pythons
  A bat (D:1)
  A frilled lizard (D:2)
  3 kobolds
  A rat (D:1)
26 creatures vanquished.

Notes
Turn   | Place    | Note
-------+----------+-------------------------------------------
     0 | D:1      | Zeor the Deep Elf Hexslinger began the quest for the Orb.
     0 | D:1      | Reached XP level 1. HP: 11/11 MP: 5/5
   561 | D:1      | Reached XP level 2. HP: 16/16 MP: 6/6
   564 | D:1      | Learned a level 2 spell: Jinxbite
   851 | D:2      | Found a faded altar of an unknown god.
   858 | D:2      | Reached XP level 3. HP: 20/20 MP: 2/7
  1036 | D:2      | Found a hide-covered altar of Uskayaw.
  1154 | D:2      | Noticed Robin
  1167 | D:2      | Reached skill level 5 in Hexes
  1167 | D:2      | Killed by an exploding goblin... ignited by their inner
                  | flame

Illustrated notes

Levels and vault maps discovered:
D:1:      saegor_arrival_simple_a, layout_basic
D:2:      layout_basic, serial_aquarium, aquarium_bridge_square
          [aquarium_subvault_bridge, aquarium_subvault_bridge,
          aquarium_subvault_window, aquarium_subvault_bridge],
          aquarium_bridge_straight [aquarium_subvault_bridge,
          aquarium_subvault_window, aquarium_subvault_bridge,
          aquarium_subvault_window], aquarium_window_fake, aquarium_window_fake,
          aquarium_window_1, aquarium_view_2a, aquarium_pool_2, basic_altar,
          hellmonk_ecumenical_altar_run_dry, minmay_tripent, uniq_robin

Skill      XL: |  1  2  3 |
---------------+----------+-----
Ranged Weapons | 3 |  3.4
Hexes          | 5 |  5.0
Fighting       | |  0.8
Dodging        | |  2.9
Stealth        | |  0.3
Spellcasting   | |  1.7
Fire Magic     | |  1.1

Action                     || total
---------------------------++-------
   Fire: Sling             ||    52
   Cast: Jinxbite          ||    10
    Use: Scroll            ||     3
         Potion            ||     2
 Armour: Robe              ||    13
  Dodge: Dodged            ||    23
